 Dungeon Crawl Stone Soup version 0.32-a0-630-g46d191b0ed (webtiles) character file.

Game seed: 1632666716022075683

4139 yoshimanden the Slasher (level 10, -4/80 HPs)
             Began as a Coglin Berserker on Mar 6, 2024.
             Was a High Priest of Trog.
             Killed from afar by an electric eel (8 damage)
             ... with a bolt of electricity
             ... on level 8 of the Dungeon.
             The game lasted 00:15:51 (6124 turns).

yoshimanden the Slasher (Coglin Berserker)          Turns: 6124, Time: 00:15:53

Health: -4/80      AC: 13    Str: 22    XL:     10   Next: 27%
Magic:  10/10      EV: 13    Int:  6    God:    Trog [*****.]
Gold:   499        SH:  0    Dex: 14    Spells: 9/9 levels left

rFire   . . .        k - +7 Throatcutter {drain, coup de grace}
rCold   . . .        h - +1 falchion {Latda}
rNeg    . . .        j - +3 scale mail {rPois}
rPois   +            g - +0 helmet
rElec   .            m - +0 cloak
rCorr   .            (no gloves)
SInv    .            (no boots)
Will    .....        (amulet unavailable) Stlth
                     (ring unavailable)
HPRegen 0.33/turn    (ring unavailable)
MPRegen 0.12/turn    (no gizmo)

%: no passive effects
@: revving
A: off-hand wielding, slow wielding, warmup strikes, no jewellery
a: Invent Gizmo, Renounce Religion, Berserk, Trog's Hand, Brothers in Arms


You were on level 8 of the Dungeon.
You worshipped Trog.
Trog was extremely pleased with you.
You visited 1 branch of the dungeon, and saw 8 of its levels.
You also visited: Ossuary.

You collected 499 gold pieces.

Inventory:

Hand Weapons
 a - a +0 falchion {Manveen}
 c - a +0 dagger {Yejun}
 h - a +1 falchion (offhand) {Latda}
 k - the +7 Throatcutter (weapon) {drain, coup de grace}
   (You took it off Terence on level 3 of the Dungeon)
 F - a +1 flail of holy wrath
Missiles
 x - 4 throwing nets (quivered)
Armour
 b - a +1 animal skin
 e - a +0 scale mail
 g - a +0 helmet (worn)
 j - a +3 scale mail of poison resistance (worn)
 m - a +0 cloak (worn)
Wands
 l - a wand of quicksilver (11)
 A - a wand of paralysis (11)
Scrolls
 n - 2 scrolls of teleportation
 p - 3 scrolls of fear
 v - 2 scrolls of amnesia
 y - a scroll of immolation
 C - a scroll of fog
 E - a scroll of butterflies
Potions
 d - 4 potions of enlightenment {unknown}
 f - 5 potions of mutation
 i - a potion of heal wounds {unknown}
 o - a potion of might {unknown}
 q - 3 potions of cancellation {unknown}
 r - 3 potions of curing
 s - a potion of ambrosia {unknown}
 t - a potion of degeneration {unknown}
 u - 2 potions of lignification {unknown}
 w - a potion of attraction {unknown}
 z - a potion of haste {unknown}
 B - a potion of resistance {unknown}
 D - a potion of magic {unknown}
 G - a potion of brilliance {unknown}


   Skills:
 + Level 7.9 Fighting
 + Level 7.9 Long Blades
 + Level 6.9 Armour
 + Level 6.8 Dodging


You had 9 spell levels left.
You didn't know any spells.
Your spell library was empty.

Dungeon Overview and Level Annotations

Branches:
Dungeon (8/15)             Temple (0/1) D:7         Ossuary (visited)
   Lair: D:8-11

Altars:
Ashenzari
Fedhas
Okawaru
Qazlal

Shops:
D:3 (


Innate Abilities, Weirdness & Mutations

You can wield a second weapon in your off-hand.
It takes a long time for you to wield or remove held weapons.
Your first few attacks do less damage.
You cannot equip rings or amulets.


Message History

The electric eel shoots out a bolt of lightning at you!
The bolt of electricity hits you!
You slash the orc with your +1 falchion!
You kill the orc!
Trog accepts your kill.
The electric eel shoots out a bolt of lightning at you!
The bolt of electricity hits the electric eel.
The electric eel completely resists.
The bolt of electricity misses you. x2
Things that are here:
a +0 club; a +0 leather armour The electric eel shoots out a bolt of lightning at you!
The bolt of electricity hits the electric eel.
The electric eel completely resists.
The bolt of electricity hits you!
The electric eel shoots out a bolt of lightning at you!
The bolt of electricity hits you!
* * * LOW HITPOINT WARNING * * *
You feel better.
You feel better.
The electric eel shoots out a bolt of lightning at you!
The bolt of electricity hits the electric eel.
The electric eel completely resists.
The bolt of electricity hits you!
* * * LOW HITPOINT WARNING * * *
The electric eel shoots out a bolt of lightning at you!
The bolt of electricity misses you.
The electric eel shoots out a bolt of lightning at you!
The bolt of electricity hits you!
* * * LOW HITPOINT WARNING * * *
Aiming: Quicksilver Bolt
Press: ? - help, Q - select action, (/) - cycle Shift-Dir - straight line, f - electric eel
Aim: an electric eel (53% to hit)
The bolt of dispelling energy hits the electric eel!
The electric eel is severely wounded.
The bolt of dispelling energy hits the electric eel!
The electric eel is almost dead.
The electric eel shoots out a bolt of lightning at you!
The bolt of electricity hits you!
* * * LOW HITPOINT WARNING * * *
The electric eel shoots out a bolt of lightning at you!
The bolt of electricity hits you!
You die...

*,,,~≈≈≈≈≈.,,** **,# ***#
**,...~≈≈~.~.,* *.##* #
*,,.~~~≈≈~~..,#* *#..,****#
*,,..P≈≈≈~..#*.###..*,,,,,,
**,,P.P≈≈≈~..#*#...#,*,***,*
***,,,.≈~≈≈≈~..# #...#,,,,,,,,
*,,,,,.~≈≈~≈~S.###...#**,**,,,
**,*,,,.~≈≈~..S†))....###.#*,,*
*,,,,~~~~≈~~S.@).###<.....#*,,,
*,,,~,~≈≈≈≈~~..#.# #.####...,,,
**,,~~~≈≈≈P......# #.# **,,,,,
***~~~~P~~~...### #.# *,,,,,
***~~~~~~~~...######.####*,,,,,
**~~~~~~~~...#.*
#.......#*,,,,,
**~~~~~~,~......*
#.##.##.#******
*~~*~*~,,..#.###*
#,*#.##.####### *~****~,,,,,,*
#.##.#.........


You could see 3 electric eels.

Vanquished Creatures
  4 yaks (D:6)
  A wyvern (D:6)
  Menkaure (D:4)
  2 water moccasins
  Duvessa (D:4)
  A sky beast (D:7)
  3 ogres
  An orc warrior (D:8)
  2 centaurs
  A phantom (D:6)
  A gnoll sergeant (D:7)
  6 scorpions
  8 wights
  Dowan (D:4)
  A howler monkey (D:4)
  A bombardier beetle (D:5)
  2 centaur zombies (Ossuary)
  A gnoll bouda (D:7)
  5 hounds
  2 orc priests
  3 jellies
  4 iguanas
  6 scorpion zombies (Ossuary)
  Terence (D:3)
  2 sleepcaps
  Natasha (twice) (D:3)
  5 orc wizards
  3 mummies (Ossuary)
  23 gnolls
  5 adders
  A shadow imp (D:7)
  2 adder zombies (Ossuary)
  A ribbon worm (D:3)
  4 dart slugs
  20 orcs
  7 endoplasms
  3 giant cockroaches
  4 goblins
  9 hobgoblins
  2 jackals (D:1)
  4 kobolds (D:3)
  2 quokkas
  10 ball pythons
  5 ball python zombies (Ossuary)
  7 bats
  8 frilled lizards
  2 gnoll zombies (Ossuary)
  4 jackal zombies (Ossuary)
  3 orc zombies (Ossuary)
  4 rats
201 creatures vanquished.

Vanquished Creatures (others)
  2 orcs (D:8)
2 creatures vanquished.

Grand Total: 203 creatures vanquished

Notes
Turn   | Place    | Note
-------+----------+-------------------------------------------
     0 | D:1      | yoshimanden the Coglin Berserker began the quest for the
                  | Orb.
     0 | D:1      | Reached XP level 1. HP: 18/18 MP: 1/1
    73 | D:1      | Reached XP level 2. HP: 9/24 MP: 2/2
   139 | D:1      | Found a faded altar of an unknown god.
   474 | D:1      | Reached XP level 3. HP: 29/29 MP: 3/3
  1056 | D:2      | Reached ** piety under Trog
  1313 | D:2      | Reached XP level 4. HP: 35/35 MP: 4/4
  1648 | D:3      | Noticed Natasha
  1657 | D:3      | Killed Natasha
  1658 | D:3      | Reached XP level 5. HP: 34/42 MP: 5/5
  1836 | D:3      | Noticed Terence
  1845 | D:3      | Killed Terence
  2046 | D:3      | Found Taja's Antique Weapon Emporium.
  2357 | D:3      | Noticed Natasha
  2364 | D:3      | Killed Natasha
  2367 | D:3      | Reached XP level 6. HP: 39/47 MP: 6/6
  2554 | D:4      | Reached *** piety under Trog
  2687 | D:4      | Found a sand-covered staircase.
  2707 | Ossuary  | Entered an ossuary
  2759 | Ossuary  | Reached XP level 7. HP: 55/55 MP: 7/7
  2808 | Ossuary  | Reached skill level 5 in Long Blades
  2832 | Ossuary  | Reached skill level 5 in Fighting
  3024 | D:4      | Reached XP level 8. HP: 38/62 MP: 8/8
  3027 | D:4      | Reached **** piety under Trog
  3042 | D:4      | Noticed Duvessa
  3047 | D:4      | Noticed Dowan
  3051 | D:4      | Killed Duvessa
  3055 | D:4      | Killed Dowan
  3184 | D:4      | Noticed Menkaure
  3190 | D:4      | Killed Menkaure
  3269 | D:4      | Found a blossoming altar of Fedhas.
  3395 | D:5      | Entered Level 5 of the Dungeon
  3704 | D:5      | Reached skill level 5 in Armour
  3883 | D:5      | Reached skill level 5 in Dodging
  4408 | D:6      | Reached XP level 9. HP: 69/69 MP: 9/9
  4945 | D:6      | Found an iron altar of Okawaru.
  5107 | D:6      | Found a broken altar of Ashenzari.
  5107 | D:6      | Found a stormy altar of Qazlal.
  5565 | D:7      | Reached XP level 10. HP: 79/79 MP: 10/10
  5718 | D:7      | Reached ***** piety under Trog
  5878 | D:7      | Found a staircase to the Ecumenical Temple.
  6124 | D:8      | HP: 4/80 [electric eel/bolt of electricity (12)]
  6124 | D:8      | Killed from afar by an electric eel

Illustrated notes

Levels and vault maps discovered:
D:1:      reono_arrival_mine, layout_loops_ring, shapermc_ecumenical_altar_venn,
          minmay_lizard_pond
D:2:      layout_loops_ring, uniq_crazy_yiuf_cottage
D:3:      layout_loops_corners, serial_shops,
          nicolae_shop_pleasant_corner_grove, minmay_close_crescents,
          uniq_terence, uniq_natasha
D:4:      layout_rooms, general_overflow_altar, enter_ossuary_3, uniq_menkaure,
          uniq_duvessa
D:5:      layout_gridville, chequers_serial_rivers_micro_e,
          chequers_hall_statues_wall_a
D:6:      layout_layer_cave, gammafunk_temple_overflow_wave,
          okawaru_metal_pillars_1_2
D:7:      layout_rooms, minmay_temple_entry_enclosed_plants
D:8:      layout_loops_cross, serial_shops, nicolae_shop_peninsula,
          chequers_big_river

Skill      XL: |  1  2  3  4  5  6  7  8  9 |
---------------+----------------------------+-----
Armour         | 2 3 4 5 6 |  6.9
Dodging        | 2 3 4 5 6 |  6.8
Long Blades    | 4 5 6 7 |  7.9
Fighting       | 4 5 6 7 |  7.9

Action                     |  1- 3 |  4- 6 |  7- 9 | 10-12 || total
---------------------------+-------+-------+-------+-------++-------
  Melee: Falchion          |    81 |   109 |   160 |    41 ||   391
         Dagger            |    72 |    23 |       |       ||    95
         Long sword        |       |    61 |   181 |    49 ||   291
  Throw: Throwing net      |       |       |     1 |       ||     1
 Invoke: Berserk           |       |       |     1 |       ||     1
  Evoke: Wand              |       |       |       |     1 ||     1
    Use: Scroll            |     4 |     3 |     9 |     1 ||    17
         Potion            |       |       |       |     2 ||     2
   Stab: Sleeping          |     1 |       |       |       ||     1
 Armour: Animal skin       |    16 |       |       |       ||    16
         Scale mail        |    39 |    69 |   157 |    40 ||   305
  Dodge: Dodged            |    50 |    62 |   136 |    30 ||   278

Table legend: (Time is in decaauts)
 A = Elapsed time spent in this place.
 B = Non-inter-level travel time spent in this place.
 C = Inter-level travel time spent in this place.
 D = Time resting spent in this place.
 E = Time spent auto-exploring this place.
 F = Levels seen in this place.
 G = Mean time per level.
                   A        B        C        D        E       F      G
               +--------+--------+--------+--------+--------+-----+--------+
         Total |   6149 |   5700 |    449 |    467 |   4000 |   9 |  683.2 |
       Dungeon |   5834 |   5385 |    449 |    467 |   3958 |   8 |  729.2 |
       Ossuary |    315 |    315 |      0 |      0 |     42 |   1 |  315.0 |
               +--------+--------+--------+--------+--------+-----+--------+

Top non-repeatable levels by time:
     D:3: 1014 daAuts
     D:5: 1010 daAuts
     D:6: 935 daAuts
     D:1: 779 daAuts
     D:2: 745 daAuts
     D:7: 624 daAuts
     D:4: 557 daAuts
 Ossuary: 315 daAuts
     D:8: 166 daAuts
